 Dungeon Crawl Stone Soup version 0.19.0-2-gae57169 (webtiles) character file.

138281 inmateoo the Executioner (level 16, -25/157 HPs)
             Began as a Minotaur Berserker on Nov 6, 2016.
             Was a High Priest of Trog.
             Annihilated by a shadow (28 damage)
             ... on level 4 of the Swamp.
             The game lasted 00:35:56 (22150 turns).

inmateoo the Executioner (Minotaur Berserker)      Turns: 22150, Time: 00:35:56

Health: -25/157    AC: 22    Str: 27    XL:     16   Next: 71%
Magic:  11/11      EV: 13    Int:  5    God:    Trog [*****.]
Gold:   893        SH:  2    Dex:  9    Spells: 0 memorised, 15 levels left

rFire  . . .     SeeInvis .     V - +9 executioner's axe (flame)
rCold  . . .     Gourm    .     u - +1 chain mail {rPois}
rNeg   . . .     Faith    .     (shield currently unavailable)
rPois  +         Spirit   .     (helmet unavailable)
rElec  .         Reflect  +     Z - +1 cloak
rCorr  .         Harm     .     G - +0 pair of gloves
MR     +++..                    K - +0 pair of boots
Stlth  ..........               z - +2 amulet of reflection
                                C - +2 ring of protection
                                (no ring)

@: about to teleport, very slightly contaminated, regenerating, invisible
(expiring)
A: retaliatory headbutt, horns 3, clumsy 1, low mp 2, sense surroundings 1
a: Berserk, Trog's Hand, Brothers in Arms, Burn Spellbooks, Renounce Religion


You were on level 4 of the Swamp.
You worshipped Trog.
Trog was extremely pleased with you.
You were hungry.

You visited 5 branches of the dungeon, and saw 28 of its levels.
You visited the Abyss 1 time.
You also visited: Sewer.

You collected 2810 gold pieces.
You spent 1917 gold pieces at shops.

Inventory:

Hand Weapons
 b - a +2 battleaxe of freezing
 V - a +9 executioner's axe of flaming (weapon)
Armour
 h - +2 fire dragon scales
 u - a +1 chain mail of poison resistance (worn)
 G - a +0 pair of gloves (worn)
 K - a +0 pair of boots (worn)
 Z - a +1 cloak (worn)
Jewellery
 g - an uncursed ring of flight
 w - an uncursed ring of ice
 z - a +2 amulet of reflection (around neck)
 C - a +2 ring of protection (right hand)
 J - the amulet "Duumicui" {Gourm rC+ Str+4, unknown}
   (You took it off a spriggan on level 2 of the Swamp)

   [amulet of the gourmand]

   It allows you to eat raw meat even when not hungry.
   It affects your strength (+4).
   It protects you from cold.
Wands
 A - a wand of lightning (7/15)
 P - a wand of polymorph (13/24)
 T - a wand of lightning (4/15)
 W - a wand of digging (5/24)
Scrolls
 a - 7 scrolls of identify
 e - 4 scrolls of noise
 f - 15 scrolls of remove curse
 m - 6 scrolls of fog
 o - 2 scrolls of fear
 p - a scroll of blinking
 q - 7 scrolls of teleportation
 r - 4 scrolls of magic mapping
 s - 3 scrolls of immolation
 t - 5 scrolls of enchant armour
 x - a scroll of enchant weapon
 L - 3 scrolls of recharging
 O - a scroll of vulnerability {unknown}
 R - a scroll of brand weapon
Potions
 i - 3 potions of haste
 k - 3 potions of heal wounds
 n - 3 potions of ambrosia
 v - 2 potions of lignification
 E - 5 potions of flight
 F - a potion of brilliance
 I - 10 potions of curing
 M - a potion of cure mutation
 N - 5 potions of agility
 Y - 2 potions of might
Miscellaneous
 j - a fan of gales
 l - a lamp of fire (inert)
 y - a phial of floods (inert)
 H - a box of beasts
Comestibles
 c - 18 bread rations
 d - 10 meat rations
 B - 11 royal jellies


   Skills:
 + Level 17.7 Fighting
 * Level 23.2 Axes
 + Level 14.5 Armour
 - Level 10.7 Dodging


You had 15 spell levels left.
You didn't know any spells.

Dungeon Overview and Level Annotations

Branches:
Dungeon (15/15)            Temple (1/1) D:5            Lair (6/6) D:9
  Swamp (4/4) Lair:2       Spider (0/4) Lair:2        Slime (0/5) Lair:6
    Orc (2/2) D:12            Elf (0/3) Orc:2        Vaults (0/5) D:13
 Depths (0/5) D:15

Altars:
Dithmenos
Elyvilon
Gozag
Kikubaaqudgha
Ru
Uskayaw
Vehumet
Xom
Zin
The Shining One

Shops:
D:8 [   D:12 }   D:14 (%[   Orc:1 (   Orc:2 (*[(!

Annotations:
Lair:6 exclusion: 2 oklob plants


Innate Abilities, Weirdness & Mutations

You reflexively headbutt those who attack you in melee.
You have a pair of large horns on your head.
You are clumsy. (Dex -2)
Your magical capacity is very low. (-20% MP)
You passively map a small area around you.


Message History

You see here a hydra corpse.
Unknown command.
You are feeling hungry.
The swamp drake roars!
You slice the bog body!! You burn the bog body.
The bog body is heavily damaged.
The swamp dragon roars deafeningly!
The swamp drake roars!
The bog body hits you!
* * * LOW HITPOINT WARNING * * *
The bog body closely misses you.
Unknown command.
Unknown command.
You barely miss the bog body.
The bog body is heavily damaged.
The swamp dragon roars deafeningly! x3
The bog body gestures at you while chanting.
The bolt of cold hits you!
* * * LOW HITPOINT WARNING * * *
The shadow strikes at you from the darkness!
You die...

, *♣≈..≈≈≈§..≈♣♣♣♣≈.≈ # ≈ ≈≈.*
♣≈.≈≈≈.k..≈≈≈≈♣ ♣♣ ,
.<.≈♣♣♣≈.≈fD≈≈#.†≈≈♣♣♣
,,♣.≈.♣.....kD.D..≈≈≈≈≈♣
♣.≈..≈≈.♣♣♣≈[..≈≈#.(♣♣ ♣ ,
..≈.≈≈.♣♣♣DD..§♣≈≈≈.♣♣♣♣♣ ♣ ≈
≈♣.≈≈≈≈≈♣♣.[..≈≈≈≈.♣≈.≈♣♣♣♣
.≈.♣.≈≈≈≈.≈n≈♣♣.≈≈≈≈.♣♣.≈..≈♣
.≈.♣≈≈≈...≈♣.@.♣≈.≈≈≈.♣≈.§≈.)≈
,...≈.♣♣≈..♣♣≈♣♣♣.≈≈≈≈.≈≈≈≈≈...
, ♣....n≈≈.♣♣.♣♣....†.≈.≈§≈≈≈♣≈
♣♣.≈≈.≈≈≈.♣♣.§≈≈≈....≈♣♣♣♣♣♣.
*♣.≈≈.≈≈≈.♣♣♣≈≈≈≈≈≈≈.♣♣♣♣ ♣. ,
* ♣≈≈≈≈≈≈≈≈♣ ♣≈≈≈≈≈≈≈.♣.≈♣♣♣♣♣
♣♣.≈≈≈≈≈.♣♣ ♣..≈≈≈≈≈...♣♣♣≈♣♣ *
♣.≈≈..≈.≈♣ ♣♣♣.≈≈≈≈.≈≈≈≈≈≈≈≈ ≈≈
♣.≈≈♣♣♣♣♣♣ ♣≈≈≈≈≈.≈≈≈≈≈≈≈≈


You could see a thorn hunter (wandering), an eight-headed hydra (wandering), 4
swamp dragons, a bog body and 2 swamp drakes.

Vanquished Creatures
  the Lernaean hydra (Swamp:4)
  3 thorn hunters
  Roxanne (D:15)
  Azrael (D:12)
  A dire elephant (Lair:6)
  A fire dragon (D:15)
  The ghost of PeterLawrence the Fighter, a journeyman MiFi of Okawaru (Lair:3)
  Erolcha (D:10)
  A vault guard (D:13)
  Fannar (D:10)
  A ghost crab (Swamp:1)
  2 catoblepae
  25 hydras
  2 ice dragons
  Erica (D:9)
  3 centaur warriors
  9 alligators
  A deep troll shaman (Lair:6)
  10 death yaks (Lair:6)
  2 tengu warriors (D:14)
  An ogre mage (D:15)
  Urug (D:10)
  3 orc high priests (Orc:2)
  3 skeletal warriors (D:14)
  A spriggan druid (Swamp:2)
  2 unseen horrors
  9 swamp dragons
  A shambling mangrove (Swamp:3)
  A wizard (D:13)
  2 necromancers
  4 hill giants
  A wolf spider zombie (D:13)
  4 orc knights (Orc:2)
  11 ugly things
  A manticore (D:13)
  13 elephants (Lair:6)
  4 orc sorcerers (Orc:2)
  An oklob plant (Lair:2)
  3 deep elf magi
  6 cyclopes
  A black mamba (Lair:6)
  A gargoyle (D:15)
  A torpor snail (Lair:5)
  14 spiny frogs
  3 rime drakes
  A freezing wraith (D:14)
  6 komodo dragons
  3 efreet
  A tengu conjurer (D:14)
  A queen bee (Lair:2)
  8 trolls
  3 polar bears
  3 two-headed ogres (D:15)
  9 hornets
  10 hippogriffs
  5 slime creatures
  2 tyrant leeches
  3 dream sheep (Lair:5)
  11 blink frogs
  7 bog bodies
  An alligator skeleton (Swamp:3)
  3 shadows
  A wraith (D:14)
  5 spriggans
  34 yaks
  5 fire elementals (D:12)
  A wyvern (Lair:5)
  18 humans (D:13)
  26 vampire mosquitoes
  5 basilisks
  A hungry ghost (D:15)
  A steam dragon (D:12)
  A soldier ant (D:10)
  9 insubstantial wisps
  12 swamp worms
  6 water moccasins
  3 hell hounds (D:12)
  A spiny frog skeleton (Swamp:3)
  9 porcupines
  7 phantoms
  12 swamp drakes
  Purgy (Sewer)
  18 orc warriors
  A black bear (D:8)
  An alligator simulacrum (Swamp:3)
  A hornet zombie (D:9)
  2 ice beasts
  A necrophage (D:6)
  4 boggarts (D:15)
  10 ogres
  3 sky beasts
  An eye of draining (D:12)
  11 wolves
  9 centaurs
  9 crocodiles
  A big kobold (D:9)
  A gnoll sergeant (Orc:2)
  11 bullfrogs
  A water moccasin skeleton (D:7)
  A scorpion (D:14)
  38 killer bees
  17 wights
  An electric eel (Lair:5)
  3 howler monkeys
  4 crimson imps
  A bullfrog zombie (D:12)
  3 centaur zombies
  2 hounds
  2 jellies
  27 orc wizards
  23 orc priests
  6 centaur skeletons
  3 iguanas
  12 worker ants
  A killer bee zombie (D:9)
  A howler monkey zombie (D:6)
  A worker ant zombie (D:8)
  3 gnolls (Orc:2)
  3 howler monkey skeletons
  3 adders
  2 river rats (D:5)
  6 shadow imps
  2 white imps (Lair:4)
  An adder zombie (D:6)
  An ooze (D:5)
  2 adder skeletons (D:4)
  A dart slug (D:2)
  2 leopard geckos (D:2)
  103 orcs
  14 giant cockroaches
  7 goblins
  10 hobgoblins
  25 jackals
  5 quokkas
  2 ball pythons
  15 bats
  2 frilled lizards
  A jackal skeleton (D:6)
  14 kobolds
  A leopard gecko skeleton (D:4)
  6 rats
  14 briar patches (Swamp:4)
  3 bushes (Lair:2)
  3 fungi
  7 plants
884 creatures vanquished.

Vanquished Creatures (collateral kills)
  2 vault guards (D:13)
  A necromancer (D:13)
3 creatures vanquished.

Vanquished Creatures (others)
  A briar patch (Swamp:4)
  A fungus (Lair:2)
  2 plants (Lair:6)
4 creatures vanquished.

Grand Total: 891 creatures vanquished

Notes
Turn   | Place    | Note
-------+----------+-------------------------------------------
     0 | D:1      | inmateoo the Minotaur Berserker began the quest for the Orb.
     0 | D:1      | Reached XP level 1. HP: 19/19 MP: 0/0
   179 | D:3      | Reached XP level 2. HP: 25/27 MP: 1/1
   224 | D:4      | Reached skill level 4 in Axes
   224 | D:4      | Reached XP level 3. HP: 14/33 MP: 2/2
   508 | D:4      | Reached XP level 4. HP: 34/40 MP: 3/3
   629 | D:3      | Reached skill level 5 in Axes
   827 | D:3      | Reached ** piety under Trog
  1178 | D:3      | Reached XP level 5. HP: 47/47 MP: 4/4
  2421 | D:4      | Reached *** piety under Trog
  2477 | D:4      | Found an ancient bone altar of Kikubaaqudgha.
  2482 | D:4      | Reached skill level 5 in Fighting
  2485 | D:4      | Reached skill level 6 in Axes
  2485 | D:4      | Reached XP level 6. HP: 48/56 MP: 5/5
  2819 | D:5      | Entered Level 5 of the Dungeon
  2871 | D:5      | Found a staircase to the Ecumenical Temple.
  2883 | Temple   | Entered the Ecumenical Temple
  3023 | D:5      | Found a glowing drain.
  3054 | Sewer    | Entered a sewer
  3057 | Sewer    | Noticed Purgy
  3063 | Sewer    | Killed Purgy
  3063 | Sewer    | Reached skill level 7 in Axes
  3063 | Sewer    | Reached XP level 7. HP: 61/61 MP: 6/6
  3814 | D:6      | Reached skill level 5 in Armour
  3843 | D:6      | Reached **** piety under Trog
  3895 | D:6      | Found a glowing silver altar of Zin.
  3920 | D:6      | Reached skill level 8 in Axes
  3922 | D:6      | HP: 4/93 [water moccasin (4)]
  4015 | D:6      | Reached XP level 8. HP: 46/70 MP: 7/7
  4338 | D:7      | Noticed a hippogriff
  4340 | D:7      | Found an opulent altar of Gozag.
  4348 | D:7      | Killed a hippogriff
  4370 | D:7      | Reached skill level 9 in Axes
  4427 | D:7      | Found a glowing silver altar of Zin.
  4427 | D:7      | Noticed an angel
  4456 | D:7      | Found a shimmering altar of Xom.
  4577 | D:7      | Found a shadowy altar of Dithmenos.
  4807 | D:7      | Reached skill level 10 in Axes
  4879 | D:7      | Found a glowing golden altar of the Shining One.
  5244 | D:8      | Reached XP level 9. HP: 46/80 MP: 8/8
  5251 | D:8      | Got a faintly glowing leather armour
  5448 | D:8      | Found Qyuc's Armour Boutique.
  5707 | D:8      | Reached skill level 11 in Axes
  6047 | D:9      | Noticed a komodo dragon
  6054 | D:9      | Reached skill level 12 in Axes
  6059 | D:9      | Killed a komodo dragon
  6063 | D:9      | Found a staircase to the Lair.
  6232 | D:9      | Identified the +2 leather armour of Analysis {*Corrode Regen+ Dex+7} (You found it on level 8 of the Dungeon)
  6270 | D:9      | Reached XP level 10. HP: 90/90 MP: 9/9
  6418 | D:9      | Noticed Erica
  6427 | D:9      | Killed Erica
  6478 | D:9      | Found a radiant altar of Vehumet.
  6482 | D:9      | Reached ***** piety under Trog
  6493 | D:9      | Found a sacrificial altar of Ru.
  6696 | D:9      | Reached skill level 13 in Axes
  6749 | D:10     | Entered Level 10 of the Dungeon
  6809 | D:10     | Reached skill level 10 in Fighting
  6822 | D:10     | Noticed Erolcha
  6823 | D:10     | Paralysed by Erolcha for 7 turns
  6833 | D:10     | Noticed Fannar
  6835 | D:10     | Killed Erolcha
  6835 | D:10     | Reached skill level 5 in Dodging
  6844 | D:10     | Noticed a purple ugly thing
  6871 | D:9      | Killed a purple ugly thing
  6881 | D:9      | Gained mutation: Your magical capacity is low. (-10% MP) [mutagenic meat]
  6882 | D:9      | Gained mutation: You are frail. (-10% HP) [mutagenic meat]
  6883 | D:9      | Gained mutation: Your magical capacity is very low. (-20% MP) [mutagenic meat]
  6923 | D:10     | Noticed Urug
  6934 | D:10     | Killed Urug
  6934 | D:10     | Reached skill level 14 in Axes
  6934 | D:10     | Reached XP level 11. HP: 43/89 MP: 7/7
  7195 | D:10     | Killed an unseen horror
  7489 | D:10     | Gained mutation: You are clumsy. (Dex -2) [potion of mutation]
  7489 | D:10     | Gained mutation: You have a pair of large horns on your head. [potion of mutation]
  7489 | D:10     | Gained mutation: You have sharp toenails. [potion of mutation]
  8104 | D:11     | Killed an unseen horror
  8231 | D:11     | Noticed a hill giant
  8237 | D:11     | Killed a hill giant
  8237 | D:11     | Reached skill level 15 in Axes
  8317 | D:12     | Gained mutation: You tend to lose your temper in combat. [mutagenic meat]
  8318 | D:12     | Gained mutation: You passively map a small area around you. [mutagenic meat]
  8319 | D:12     | Lost mutation: You are frail. (-10% HP) [mutagenic meat]
  8320 | D:12     | Gained mutation: You are dopey. (Int -2) [mutagenic meat]
  8398 | D:12     | Noticed a five-headed hydra
  8415 | D:12     | Killed a seven-headed hydra
  8625 | D:12     | Noticed a deep elf mage
  8634 | D:12     | Killed a deep elf mage
  8637 | D:12     | Received a gift from Trog
  8679 | D:12     | Found a staircase to the Orcish Mines.
  8767 | D:12     | Noticed a hill giant
  8770 | D:12     | Killed a hill giant
  8770 | D:12     | Reached XP level 12. HP: 101/111 MP: 5/8
  8791 | D:12     | Noticed a six-headed hydra
  8799 | D:12     | Killed a ten-headed hydra
  8810 | D:12     | Found Immir's Gadget Emporium.
  8989 | D:12     | Noticed Azrael
  8991 | D:12     | Reached skill level 16 in Axes
  9000 | D:12     | Killed Azrael
  9362 | D:13     | Reached skill level 17 in Axes
  9375 | D:13     | Found a gate to the Vaults.
  9375 | D:13     | Noticed a vault guard
  9375 | D:13     | Noticed a vault guard
  9375 | D:13     | Noticed a vault guard
  9380 | D:13     | Killed a vault guard
  9383 | D:13     | Killed a vault guard
  9388 | D:13     | Killed a vault guard
  9389 | D:13     | Reached skill level 10 in Dodging
  9719 | D:13     | Noticed a centaur warrior
  9727 | D:13     | Killed a centaur warrior
  9743 | D:13     | Reached XP level 13. HP: 67/122 MP: 6/9
  9748 | D:13     | Lost mutation: You have sharp toenails. [mutagenic meat]
  9751 | D:13     | Gained mutation: You have sharp toenails. [mutagenic meat]
  9858 | D:14     | Found Jabau's Food Shoppe.
  9869 | D:14     | Received a gift from Trog
 10075 | Lair:1   | Entered Level 1 of the Lair of Beasts
 10522 | Lair:1   | Reached skill level 18 in Axes
 10861 | Lair:2   | Found a staircase to the Swamp.
 11230 | Lair:2   | Found a hole to the Spider Nest.
 12257 | Lair:3   | Noticed PeterLawrence's ghost (journeyman MiFi)
 12265 | Lair:3   | Killed PeterLawrence's ghost
 12699 | Lair:4   | You fall through a shaft for 2 floors!
 12699 | Lair:6   | Entered Level 6 of the Lair of Beasts
 12717 | Lair:6   | Reached skill level 19 in Axes
 12717 | Lair:6   | Reached skill level 10 in Armour
 12821 | Lair:6   | Reached XP level 14. HP: 130/133 MP: 10/10
 12882 | Lair:6   | Received a gift from Trog
 12980 | Lair:6   | Found a staircase to the Slime Pits.
 13171 | Lair:6   | Reached skill level 15 in Fighting
 13175 | Lair:6   | Reached ****** piety under Trog
 13188 | Lair:6   | Reached skill level 20 in Axes
 13408 | Lair:6   | Received a gift from Trog
 15022 | Lair:2   | Noticed Sonja
 15027 | Lair:2   | Cast into level 1 of the Abyss (Sonja)
 15038 | Lair:2   | Escaped the Abyss
 15040 | Lair:2   | Noticed Sonja
 15040 | Lair:2   | Sonja changed into Sonja the hornet
 15046 | Lair:2   | Killed Sonja the hornet
 15202 | D:10     | Killed Fannar
 15416 | D:14     | Found Jacor's Antique Armour Shop.
 15433 | D:14     | Received a gift from Trog
 15439 | D:14     | Reached XP level 15. HP: 13/143 MP: 11/11
 15764 | D:14     | Lost mutation: You tend to lose your temper in combat. [mutagenic meat]
 15954 | D:14     | Found Setim's Weapon Boutique.
 16325 | D:15     | Entered Level 15 of the Dungeon
 16325 | D:15     | Found a white marble altar of Elyvilon.
 16354 | D:15     | Reached skill level 21 in Axes
 16769 | D:15     | Noticed Roxanne
 16849 | D:15     | Killed Roxanne
 17075 | D:15     | Found a staircase to the Depths.
 17321 | Orc:1    | Entered Level 1 of the Orcish Mines
 17450 | Orc:2    | Entered Level 2 of the Orcish Mines
 17560 | Orc:2    | Received a gift from Trog
 17637 | Orc:2    | Found Buxzogg's Distillery.
 17637 | Orc:2    | Found Plog's Weapon Boutique.
 17652 | Orc:2    | Found Wol Itos's Antique Armour Emporium.
 17652 | Orc:2    | Found Anirphe's Assorted Antiques.
 17665 | Orc:2    | Bought a potion of mutation for 25 gold pieces
 17665 | Orc:2    | Gained mutation: You are very clumsy. (Dex -4) [potion of mutation]
 17665 | Orc:2    | Gained mutation: Your muscles are strong. (Str +2) [potion of mutation]
 17810 | Orc:2    | Bought a potion of might for 40 gold pieces
 17810 | Orc:2    | Bought a potion of curing for 30 gold pieces
 17810 | Orc:2    | Bought a potion of might for 40 gold pieces
 17810 | Orc:2    | Bought a potion of curing for 30 gold pieces
 17810 | Orc:2    | Bought a potion of haste for 100 gold pieces
 17812 | Orc:2    | Bought a glowing cloak for 199 gold pieces
 17830 | Orc:2    | Bought a runed cloak for 199 gold pieces
 17842 | Orc:2    | Bought glowing fire dragon scales for 1254 gold pieces
 18047 | Orc:2    | Found Watweocao's Weapon Shop.
 18060 | Orc:2    | Found a staircase to the Elven Halls.
 18233 | Orc:1    | Found Hacyjinn's Weapon Boutique.
 18731 | Swamp:1  | Entered Level 1 of the Swamp
 18732 | Swamp:1  | Lost mutation: Your muscles are strong. (Str +2) [potion of cure mutation]
 18732 | Swamp:1  | Lost mutation: You are dopey. (Int -2) [potion of cure mutation]
 18732 | Swamp:1  | Lost mutation: You are very clumsy. (Dex -4) [potion of cure mutation]
 18732 | Swamp:1  | Lost mutation: You have sharp toenails. [potion of cure mutation]
 18893 | Swamp:1  | Received a gift from Trog
 19656 | Swamp:2  | Reached skill level 22 in Axes
 20196 | Swamp:2  | Reached XP level 16. HP: 144/154 MP: 11/11
 20210 | Swamp:2  | Received a gift from Trog
 20272 | Swamp:2  | Got a clouded silver amulet
 20921 | Swamp:3  | Noticed a thorn hunter
 20925 | Swamp:3  | Killed a thorn hunter
 21638 | Swamp:4  | Entered Level 4 of the Swamp
 21918 | Swamp:4  | Noticed a thorn hunter
 21933 | Swamp:4  | Killed a thorn hunter
 22095 | Swamp:4  | Noticed the 27-headed Lernaean hydra
 22097 | Swamp:4  | Noticed a thorn hunter
 22111 | Swamp:4  | Killed a thorn hunter
 22111 | Swamp:4  | Reached skill level 23 in Axes
 22111 | Swamp:4  | HP: 7/155 [the 22-headed Lernaean hydra (6)]
 22111 | Swamp:4  | HP: 3/155 [the 22-headed Lernaean hydra (4)]
 22128 | Swamp:4  | Killed the 21-headed Lernaean hydra
 22150 | Swamp:4  | HP: 3/157 [bog body/bolt of cold (21)]
 22150 | Swamp:4  | Annihilated by a shadow

Skill      XL: |  1  2  3  4  5  6  7  8  9 10 11 12 13 14 15 16 |
---------------+-------------------------------------------------+-----
Fighting       | 4 5 6 7 9 10 12 13 14 15 16 17 | 17.7
Axes           | 4 5 6 7 8 10 12 14 15 17 19 20 22 23 | 23.2
Armour         | 3 4 5 7 8 10 11 13 14 | 14.5
Dodging        | 3 6 8 10 | 10.7

Action                   |  1- 3 |  4- 6 |  7- 9 | 10-12 | 13-15 | 16-18 || total
-------------------------+-------+-------+-------+-------+-------+-------++-------
Melee: Hand axe          |    29 |   104 |       |       |       |       ||   133
       Headbutt          |     4 |    24 |    40 |    98 |   121 |    30 ||   317
       War axe           |       |    73 |   199 |   291 |       |       ||   563
       Battleaxe         |       |       |       |   144 |    11 |       ||   155
       Executioner's axe |       |       |       |       |   717 |   189 ||   906
Invok: Berserk           |     1 |     3 |     4 |    11 |    11 |       ||    30
       Trog's Hand       |       |       |     1 |     8 |    19 |     7 ||    35
       Brothers in Arms  |       |       |       |     2 |       |       ||     2
       Burn Spellbooks   |       |       |       |       |     2 |       ||     2
Evoke: Wand              |       |       |       |       |     1 |     2 ||     3
       Phial of floods   |       |       |       |       |     1 |     1 ||     2
       Lamp of fire      |       |       |       |       |       |     1 ||     1
  Use: Scroll            |       |       |     2 |     8 |    26 |     2 ||    38
       Potion            |       |       |       |     2 |     4 |     4 ||    10
 Stab: Sleeping          |       |       |     1 |       |       |       ||     1
       Distracted        |       |       |       |       |     1 |       ||     1
       Confused          |       |       |       |       |     1 |       ||     1
       Invisible         |       |       |       |       |       |     2 ||     2
  Eat: Chunk             |       |     8 |    11 |    29 |    44 |     3 ||    95
       Beef jerky        |       |     1 |     1 |     1 |     3 |       ||     6
       Pizza             |       |       |     1 |     5 |     7 |       ||    13
       Fruit             |       |       |     1 |     1 |       |       ||     2
       Royal jelly       |       |       |       |       |     1 |     3 ||     4
Armor: Animal skin       |     5 |     1 |       |       |       |       ||     6
       Chain mail        |       |   108 |    10 |       |   226 |   169 ||   513
       Plate armour      |       |       |   113 |       |       |       ||   113
       Leather armour    |       |       |       |    26 |       |       ||    26
       Troll leather arm |       |       |       |    91 |   107 |       ||   198
       Skin              |       |       |       |       |    22 |       ||    22
Dodge: Dodged            |    24 |    75 |    81 |   303 |   489 |   181 ||  1153
Block: Other             |       |       |       |    13 |    45 |    19 ||    77
       Reflection        |       |       |       |     1 |     1 |       ||     2
